 Dungeon Crawl Stone Soup version 0.20.1-1-g8b1a95d (webtiles) character file.

5829 Jawreze the Severer (level 10, -2/86 HPs)
             Began as a Hill Orc Berserker on July 18, 2017.
             Was a High Priest of Trog.
             Slain by a troll (4 damage)
             ... on level 9 of the Dungeon.
             The game lasted 00:17:41 (9448 turns).

Jawreze the Severer (Hill Orc Berserker)            Turns: 9448, Time: 00:17:42

Health: -2/86      AC: 11    Str: 21    XL:     10   Next: 80%
Magic:  10/10      EV: 11    Int:  7    God:    Trog [*****.]
Gold:   374        SH:  0    Dex: 13    Spells: 9/9 levels left

rFire    . . .     SeeInvis .   u - +1 hand axe (flame)
rCold    . . .     Gourm    .   (no shield)
rNeg     . . .     Faith    .   w - +0 scale mail
rPois    .         Spirit   .   L - +0 helmet
rElec    .         Reflect  .   y - +0 cloak
rCorr    .         Harm     .   (no gloves)
MR       .....                  z - +0 pair of boots
Stlth    ..........             (no amulet)
Regen    0.3/turn               (no ring)
MPRegen  0.2/turn               (no ring)

@: about to teleport, berserk cooldown, slowed, very slow
A: no striking features
a: Berserk, Trog's Hand, Brothers in Arms, Burn Spellbooks, Renounce Religion


You were on level 9 of the Dungeon.
You worshipped Trog.
Trog was extremely pleased with you.
You were near starving.

You visited 1 branch of the dungeon, and saw 9 of its levels.

You collected 374 gold pieces.

Inventory:

Hand Weapons
 u - a +1 hand axe of flaming (weapon)
Missiles
 B - 6 poisoned javelins (quivered)
Armour
 w - a +0 scale mail (worn)
 y - a +0 cloak (worn)
 z - a +0 pair of boots (worn)
 L - a +0 helmet (worn)
Jewellery
 D - a +3 ring of dexterity {unknown}
 M - a cursed ring of teleportation {unknown}
Wands
 m - a wand of flame (28/48)
 H - a wand of disintegration (14/24)
 J - a wand of acid (5/15)
Scrolls
 e - 6 scrolls of identify
 f - 3 scrolls of teleportation
 g - 4 scrolls of remove curse
 i - 3 scrolls of magic mapping {unknown}
 o - 3 scrolls of blinking {unknown}
 t - 2 scrolls of recharging {unknown}
 x - a scroll of enchant weapon {unknown}
 C - 3 scrolls of fog {unknown}
 E - a scroll of random uselessness {unknown}
 G - a scroll of immolation {unknown}
 I - a scroll of fear {unknown}
Potions
 b - a potion of cancellation
 d - a potion of invisibility {unknown}
 h - a potion of flight {unknown}
 j - 2 potions of resistance {unknown}
 k - 2 potions of degeneration {unknown}
 l - 3 potions of curing
 n - 3 potions of heal wounds {unknown}
 p - 2 potions of haste {unknown}
 q - a potion of agility {unknown}
 r - a potion of brilliance {unknown}
 s - a potion of lignification {unknown}
 v - 2 potions of might {unknown}
Comestibles
 a - 2 fruits
 c - 5 bread rations
 A - 2 meat rations
 F - a royal jelly


   Skills:
 + Level 7.3 Fighting
 * Level 16.7 Axes
 + Level 6.3 Armour
 + Level 3.1 Dodging


You had 9 spell levels left.
You didn't know any spells.

Dungeon Overview and Level Annotations

Branches:
Dungeon (9/15)             Temple (0/1) D:7
   Lair: D:8-11         Orc: D:9-12

Altars:
Ashenzari
Okawaru
Qazlal

Shops:
D:5 =


Message History

The troll barely misses you. The troll claws you!
* * * LOW HITPOINT WARNING * * *
The troll claws you!
* * * LOW HITPOINT WARNING * * *
A two-headed ogre comes into view. It is wielding two giant spiked clubs.
Okay, then.
You feel better. The troll bites you but does no damage.
The troll claws you but does no damage. The troll claws you.
* * * LOW HITPOINT WARNING * * *
The troll bites you.
* * * LOW HITPOINT WARNING * * *
The troll claws you but does no damage. The troll claws you.
* * * LOW HITPOINT WARNING * * *
An orc wizard comes into view. It is wielding a dagger.
As you read the scroll labeled ITA HIEPNO, it crumbles to dust.
You feel strangely unstable.
It was a scroll of teleportation.
The troll bites you.
* * * LOW HITPOINT WARNING * * *
The troll claws you.
You die...

#########.......#
#.......#.......#
#.......#.......#
#.......#.......#
#...##..#.......# ######
######..#......## #....#
#.......#......# #....#
#.......#......# #....#
#...##..#.....@####....#### .
#...##..###+##OT).o..###..#..
#....#...#...#....#..........
#....'...#...'....#........#
#...##########....#........#
#...##...##..#....#.)......#
#........'...#....#...###.##
#........#.).#....#...# #
#........##..#....#....


You could see a two-headed ogre, a troll and an orc wizard.

Vanquished Creatures
  The ghost of Britaniac the Carver, a journeyman MiFi of Trog (D:9)
  2 two-headed ogres
  The ghost of Overlord the Grappler, a novice TrMo of Jiyva (D:8)
  The ghost of PeterLawrence the Basher, a novice MiFi (D:6)
  A black bear (D:8)
  An orc warrior (D:8)
  2 ice beasts
  A sky beast (D:5)
  2 phantoms
  2 ogres
  A centaur (D:9)
  4 bullfrogs
  A scorpion (D:4)
  A wyvern skeleton (D:9)
  A water moccasin skeleton (D:7)
  4 killer bees
  4 crimson imps
  A bullfrog zombie (D:6)
  3 hounds
  4 jellies
  7 orc priests
  12 orc wizards
  An iguana (D:8)
  7 worker ants
  2 hound skeletons (D:7)
  3 worker ant zombies
  4 adders
  8 gnolls (D:6)
  3 oozes
  2 adder skeletons
  4 worms
  2 dart slugs
  4 leopard geckos
  38 orcs
  6 giant cockroaches
  10 hobgoblins
  7 jackals
  10 kobolds
  6 quokkas
  4 ball pythons (D:3)
  10 bats
  3 frilled lizards
  5 goblins
  2 quokka zombies
  8 rats
206 creatures vanquished.

Notes
Turn   | Place    | Note
-------+----------+-------------------------------------------
     0 | D:1      | Jawreze the Hill Orc Berserker began the quest for the Orb.
     0 | D:1      | Reached XP level 1. HP: 19/19 MP: 1/1
   211 | D:1      | Reached XP level 2. HP: 24/26 MP: 2/2
   471 | D:1      | Reached skill level 5 in Axes
   590 | D:1      | Reached ** piety under Trog
   724 | D:1      | Reached XP level 3. HP: 31/31 MP: 3/3
  1443 | D:2      | Reached skill level 6 in Axes
  1581 | D:2      | Reached XP level 4. HP: 38/39 MP: 4/4
  2213 | D:3      | Found a stormy altar of Qazlal.
  2237 | D:3      | Reached *** piety under Trog
  2301 | D:3      | Noticed a bullfrog
  2310 | D:3      | Killed a bullfrog
  2310 | D:3      | Reached skill level 7 in Axes
  2310 | D:3      | Reached XP level 5. HP: 7/45 MP: 5/5
  2462 | D:3      | Reached skill level 8 in Axes
  2815 | D:3      | Found a shattered altar of Ashenzari.
  2952 | D:4      | Reached XP level 6. HP: 51/51 MP: 6/6
  3260 | D:4      | Reached skill level 9 in Axes
  4199 | D:4      | Reached skill level 10 in Axes
  4199 | D:4      | Reached XP level 7. HP: 53/57 MP: 7/7
  4308 | D:5      | Entered Level 5 of the Dungeon
  4416 | D:5      | Found Ruwinuxi's Jewellery Boutique.
  4533 | D:5      | Received a gift from Trog
  4533 | D:5      | Reached skill level 11 in Axes
  4937 | D:5      | Reached **** piety under Trog
  5176 | D:6      | Reached XP level 8. HP: 61/64 MP: 8/8
  5181 | D:6      | Reached skill level 12 in Axes
  5489 | D:6      | Noticed PeterLawrence's ghost (novice MiFi)
  5508 | D:6      | Killed PeterLawrence's ghost
  5508 | D:6      | Reached skill level 13 in Axes
  5688 | D:6      | Reached skill level 14 in Axes
  5823 | D:6      | Reached XP level 9. HP: 63/70 MP: 9/9
  5867 | D:6      | Found an iron altar of Okawaru.
  6354 | D:7      | Received a gift from Trog
  6640 | D:7      | Found a staircase to the Ecumenical Temple.
  7043 | D:8      | Noticed a two-headed ogre
  7052 | D:8      | Killed a two-headed ogre
  7052 | D:8      | Reached skill level 5 in Fighting
  7052 | D:8      | Reached skill level 15 in Axes
  7172 | D:8      | Noticed Overlord's ghost (novice TrMo)
  7191 | D:8      | Killed Overlord's ghost
  7191 | D:8      | Reached XP level 10. HP: 75/83 MP: 10/10
  7383 | D:8      | Reached skill level 5 in Armour
  7952 | D:8      | Reached skill level 16 in Axes
  8115 | D:8      | Reached ***** piety under Trog
  8858 | D:9      | Noticed Britaniac's ghost (journeyman MiFi)
  8874 | D:9      | Killed Britaniac's ghost
  9410 | D:9      | Noticed a two-headed ogre
  9417 | D:9      | Killed a two-headed ogre
  9446 | D:9      | Noticed a two-headed ogre
  9447 | D:9      | HP: 4/86 [troll (6)]
  9448 | D:9      | Slain by a troll

Skill      XL: |  1  2  3  4  5  6  7  8  9 10 |
---------------+-------------------------------+-----
Axes           | 5 6 7 8 10 11 14 15 16 | 16.7
Fighting       | 6 7 |  7.3
Armour         | 4 6 |  6.3
Dodging        | 3 |  3.1

Action                   |  1- 3 |  4- 6 |  7- 9 | 10-12 || total
-------------------------+-------+-------+-------+-------++-------
Melee: Hand axe          |   124 |   182 |   310 |   179 ||   795
Throw: Javelin           |       |       |     4 |       ||     4
Invok: Berserk           |     2 |     6 |     5 |     3 ||    16
  Use: Scroll            |       |       |     3 |     2 ||     5
       Potion            |       |       |       |     3 ||     3
 Stab: Sleeping          |     3 |       |       |       ||     3
  Eat: Chunk             |     4 |    11 |    15 |     9 ||    39
       Royal jelly       |       |     1 |       |       ||     1
Armor: Animal skin       |    23 |    15 |       |       ||    38
       Scale mail        |       |     5 |    78 |    57 ||   140
Dodge: Dodged            |    85 |   118 |    76 |    87 ||   366
